 Dungeon Crawl Stone Soup version 0.29-a0-617-g7a6b98fccd (webtiles) character file.

Game seed: 1642848525297939811

221 porpoise the Poker (level 5, -2/43 HPs)
             Began as a Merfolk Fighter on June 18, 2022.
             Succumbed to a scorpion's poison
             ... on level 3 of the Dungeon.
             The game lasted 00:11:29 (2619 turns).

porpoise the Poker (Merfolk Fighter)                Turns: 2619, Time: 00:11:30

Health: -2/43      AC: 10    Str: 19    XL:     5   Next: 98%
Magic:  5/5        EV: 11    Int:  7    God:
Gold:   85         SH:  4    Dex: 13    Spells: 4/4 levels left

rFire   . . .      SeeInvis +   a - +0 trident
rCold   + . .      Faith    .   c - +0 buckler
rNeg    . . .      Spirit   .   s - +1 ring mail {rC+}
rPois   .          Reflect  .   (no helmet)
rElec   .          Harm     .   i - +1 cloak
rCorr   .          Rampage  .   (no gloves)
Will    .....                   g - +1 pair of boots
Stlth   +.........              n - amulet of regeneration
HPRegen 0.94/turn               f - ring of see invisible
MPRegen 0.09/turn               (no ring)

@: brilliant, lethally poisoned (-2 -> -5), hasted, very quick
A: (nimble swimmer 2), mertail
a: no special abilities


You were on level 3 of the Dungeon.
You visited 1 branch of the dungeon, and saw 4 of its levels.

You collected 85 gold pieces.

Inventory:

Hand Weapons
 a - a +0 trident (weapon)
 b - a +0 hunting sling
Missiles
 m - 9 poisoned darts
 o - 5 javelins
 t - 2 curare-tipped darts
 x - 7 boomerangs (quivered)
Armour
 c - a +0 buckler (worn)
 g - a +1 pair of boots (worn)
 i - a +1 cloak (worn)
 s - a +1 ring mail of cold resistance (worn)
Magical Staves
 q - a staff of fire
Jewellery
 f - a ring of see invisible (left hand)
 n - an amulet of regeneration (around neck)
Scrolls
 e - a scroll of torment {unknown}
 k - a scroll of magic mapping {unknown}
 p - 2 scrolls of enchant armour
 r - a scroll of immolation {unknown}
 u - a scroll of vulnerability {unknown}
 w - a scroll of teleportation
 y - a scroll of poison {unknown}
Potions
 j - a potion of degeneration {unknown}
 l - a potion of curing {unknown}
 v - a potion of heal wounds {unknown}
 z - a potion of resistance {unknown}
 A - a potion of flight {unknown}


   Skills:
 + Level 4.5 Fighting
 * Level 5.9 Polearms
 - Level 2.1 Armour
 + Level 3.3 Dodging
 - Level 3.0 Shields


You had 4 spell levels left.
You didn't know any spells.
Your spell library contained the following spells:

 Spells                   Type           Power      Damage    Failure   Level
 Freeze                   Ice            0%         1d3       71%         1
 Frozen Ramparts          Ice            0%         1d2       97%         3
 Hailstorm                Conj/Ice       0%         3d3       100%        4


Dungeon Overview and Level Annotations

Branches:
Dungeon (4/15)
 Temple: D:4-7

Altars:
Elyvilon

Annotations:
D:4 Edmund


Innate Abilities, Weirdness & Mutations

((You are very nimble when in or above water. (Stealth+, EV+, Speed+++)))
Your lower body shifts to a powerful aquatic tail in water.


Message History

You are more poisoned.
The scorpion poisons you!
You closely miss the scorpion.
The scorpion is heavily wounded.
You feel very sick. The scorpion stings you. You block the scorpion's attack.
You hit the scorpion but do no damage.
The scorpion is heavily wounded.
You feel very sick. The scorpion stings you.
You are more poisoned.
The scorpion poisons you!
You puncture the scorpion!
The scorpion is almost dead.
You feel very sick. The scorpion stings you.
You are lethally poisoned!
The scorpion poisons you!
You barely miss the scorpion.
The scorpion is almost dead.
* * * LOW HITPOINT WARNING * * *
You feel very sick.
The scorpion stings you but does no damage.
You closely miss the scorpion.
The scorpion is almost dead.
* * * LOW HITPOINT WARNING * * *
You feel very sick. You block the scorpion's attack.
The scorpion stings you but does no damage.
You hit the scorpion.
You kill the scorpion!
* * * LOW HITPOINT WARNING * * *
You feel very sick.
Your Dodging skill increases to level 3!
It was a potion of brilliance.
You feel clever all of a sudden.
* * * LOW HITPOINT WARNING * * *
You feel sick.
It was a potion of haste.
You feel yourself speed up.
You die...

#........#..##.# #.##.#
#..............# #.##.#
#..............# #.##.#
#..............######.##.#
#####..........(......##.#
####.....#.#########.######
#.......# #.......
#....#..# ########
#.....†@# #.####### #.# #.#
#.# #.# #.# #.# #.#


There were no monsters in sight!

Vanquished Creatures
  2 scorpions (D:3)
  2 adders (D:3)
  A worm (D:3)
  3 dart slugs (D:1)
  An orc (D:3)
  7 ball pythons
  8 endoplasms
  4 giant cockroaches
  3 goblins
  4 hobgoblins
  8 jackals
  2 quokkas (D:1)
  3 bats
  5 frilled lizards
  9 kobolds
  4 rats (D:3)
66 creatures vanquished.

Notes
Turn   | Place    | Note
-------+----------+-------------------------------------------
     0 | D:1      | porpoise the Merfolk Fighter began the quest for the Orb.
     0 | D:1      | Reached XP level 1. HP: 18/18 MP: 1/1
   232 | D:1      | Reached skill level 3 in Polearms
   343 | D:1      | Reached XP level 2. HP: 22/24 MP: 2/2
   350 | D:1      | Reached skill level 1 in Dodging
   587 | D:1      | Reached XP level 3. HP: 22/29 MP: 3/3
   799 | D:1      | Reached skill level 4 in Polearms
  1088 | D:1      | Found a faded altar of an unknown god.
  1637 | D:3      | Reached XP level 4. HP: 37/37 MP: 4/4
  1821 | D:3      | Noticed a scorpion
  1831 | D:3      | Killed a scorpion
  1832 | D:3      | Reached skill level 5 in Polearms
  1832 | D:3      | Reached XP level 5. HP: 42/42 MP: 5/5
  2244 | D:3      | Found a white marble altar of Elyvilon.
  2533 | D:4      | Noticed Edmund
  2617 | D:3      | HP: 2/43 [poisoned by a scorpion]
  2619 | D:3      | Succumbed to a scorpion's poison

Illustrated notes

Levels and vault maps discovered:
D:1:      minmay_arrival_open_corners, layout_rooms,
          shapermc_ecumenical_altar_notcrosses, nrook_loot_triangle,
          minmay_tromino_v4_a
D:2:      layout_rooms
D:3:      layout_basic, mainiacjoe_overflow_tiny_flanked
D:4:      layout_loops_ring, grunt_qazlal_clouds, serial_glass, glass_columns_a,
          glass_columns_a, goddamned_bats, uniq_sigmund, uniq_pargi,
          uniq_menkaure, uniq_edmund

Skill      XL: |  1  2  3  4  5 |
---------------+----------------+-----
Polearms       | 3 4 5 |  5.9
Dodging        | 1 2 3 |  3.3
Fighting       | 4 |  4.5
Armour         | |  2.1
Shields        | |  3.0

Action                   |  1- 3 |  4- 6 || total
-------------------------+-------+-------++-------
Melee: Trident           |   148 |    99 ||   247
 Fire: Hunting sling     |       |     2 ||     2
Throw: Dart              |       |     7 ||     7
       Boomerang         |       |     2 ||     2
  Use: Scroll            |     1 |     1 ||     2
       Potion            |       |     3 ||     3
Armor: Scale mail        |    55 |       ||    55
       Ring mail         |     2 |    38 ||    40
Dodge: Dodged            |    53 |    35 ||    88
Block: Buckler           |    28 |    18 ||    46

Table legend: (Time is in decaauts)
 A = Elapsed time spent in this place.
 B = Non-inter-level travel time spent in this place.
 C = Inter-level travel time spent in this place.
 D = Time resting spent in this place.
 E = Time spent auto-exploring this place.
 F = Levels seen in this place.
 G = Mean time per level.
                   A        B        C        D        E       F      G
               +--------+--------+--------+--------+--------+-----+--------+
         Total |   2651 |   2524 |    127 |    761 |   1099 |   4 |  662.8 |
       Dungeon |   2651 |   2524 |    127 |    761 |   1099 |   4 |  662.8 |
               +--------+--------+--------+--------+--------+-----+--------+

Top non-repeatable levels by time:
     D:1: 1167 daAuts
     D:3: 973 daAuts
     D:2: 493 daAuts
     D:4: 16 daAuts
